 Dungeon Crawl Stone Soup version 0.26-b1-32-g5d43845318 (webtiles) character file.

Game seed: 8200792883880074328

1408 night the Grappler (level 8, -12/80 HPs)
             Began as a Troll Fighter on Jan 9, 2021.
             Was a Follower of Nemelex Xobeh.
             Killed by nerve-wracking pain
             ... invoked by a shadow imp
              (14 damage)
             ... on level 7 of the Dungeon.
             The game lasted 00:08:30 (5322 turns).

night the Grappler (Troll Fighter)                  Turns: 5322, Time: 00:08:31

Health: -12/80     AC:  9    Str: 27    XL:     8   Next: 42%
Magic:  9/9        EV:  8    Int:  4    God:    Nemelex Xobeh [*.....]
Gold:   371        SH:  9    Dex:  9    Spells: 7/7 levels left

rFire    . . .     SeeInvis .     - Unarmed
rCold    . . .     Faith    .   b - +0 kite shield
rNeg     . . .     Spirit   .   c - +0 troll leather armour {Purgy}
rPois    .         Reflect  .   (helmet restricted)
rElec    .         Harm     .   z - +0 cloak
rCorr    .         Rampage  .   (gloves unavailable)
Will     .....                  (boots unavailable)
Stlth    +.........             (no amulet)
HPRegen  1.03/turn              (no ring)
MPRegen  0.11/turn              (no ring)

@: lethally poisoned (-12 -> -19), slowed, very slow
A: large, unfitting armour, claws 3, regeneration 1, shaggy fur 1, tough skin 3
a: Renounce Religion, Draw Escape, Draw Destruction, Draw Summoning


You were on level 7 of the Dungeon.
You worshipped Nemelex Xobeh.
Nemelex Xobeh was aware of your devotion.
You visited 2 branches of the dungeon, and saw 8 of its levels.

You collected 371 gold pieces.

Inventory:

Hand Weapons
 o - a +0 hunting sling of flaming
Missiles
 d - 5 large rocks
 k - 12 poisoned darts (quivered)
 p - 117 stones
 y - 2 throwing nets
 A - 19 sling bullets
Armour
 b - a +0 kite shield (worn)
 c - a +0 troll leather armour (worn) {Purgy}
 z - a +0 cloak (worn)
Jewellery
 x - an uncursed ring of stealth {unknown}
Scrolls
 a - 2 scrolls of fog {unknown}
 e - 6 scrolls of teleportation
 g - 5 scrolls of remove curse
 m - 2 scrolls of immolation {unknown}
 q - 11 scrolls of identify
 r - 2 scrolls of amnesia
 u - 2 scrolls of fear {unknown}
 v - a scroll of enchant weapon {unknown}
Potions
 f - a potion of brilliance
 h - 2 potions of heal wounds {unknown}
 i - 2 potions of curing
 j - a potion of lignification {unknown}
 l - a potion of resistance {unknown}
 n - a potion of flight {unknown}
 s - a potion of invisibility {unknown}
 t - a potion of cancellation {unknown}
 w - 2 potions of berserk rage {unknown}


   Skills:
 + Level 5.2 Fighting
 - Level 2.4 Dodging
 - Level 2.4 Shields
 * Level 8.1 Unarmed Combat
 + Level 3.3 Invocations


You had 7 spell levels left.
You didn't know any spells.
Your spell library contained the following spells:

 Spells                   Type           Power        Failure   Level
 Magic Dart               Conj           0%           95%         1
 Blink                    Tloc           N/A          99%         2
 Call Imp                 Summ           0%           99%         2
 Slow                     Hex            0%           99%         2
 Confusing Touch          Hex            0%           100%        3
 Conjure Flame            Conj/Fire      0%           100%        3
 Gell's Gravitas          Tloc           0%           100%        3
 Mephitic Cloud           Conj/Pois/Air  0%           100%        3
 Petrify                  Tmut/Erth      0%           100%        4
 Metabolic Englaciation   Hex/Ice        0%           100%        5
 Yara's Violent Unravell  Hex/Tmut       0%           100%        5


Dungeon Overview and Level Annotations

Branches:
Dungeon (7/15)             Temple (1/1) D:4

Altars:
Ashenzari
Cheibriados
Dithmenos
Elyvilon
Fedhas
Gozag
Hepliaklqana
Kikubaaqudgha
Makhleb
Nemelex Xobeh
Okawaru
Qazlal
Ru
Sif Muna
Trog
Uskayaw
Vehumet
Wu Jian
Xom
Yredelemnul
Zin
The Shining One


Innate Abilities, Weirdness & Mutations

You are too large for most types of armour.
You have claws for hands.
Your natural rate of healing is unusually fast.
You are covered in fur. (AC +1)
You have extremely tough skin. (AC +3)


Message History

You feel very sick. The hornet stings you.
* * * LOW HITPOINT WARNING * * *
You feel as though you will be slow longer.
You feel very sick. The hornet stings you.
* * * LOW HITPOINT WARNING * * *
You feel as though you will be slow longer.
The hornet stings you!
* * * LOW HITPOINT WARNING * * *
You feel as though you will be slow longer.
You can move again.
You claw the hornet!
You kill the hornet!
* * * LOW HITPOINT WARNING * * *
You feel sick. The shadow imp gestures at you. Pain shoots through your body!
You die...
Your body disappears without a glow.

#.# #.#
#####.### #.#
#.......# #.#
#.#####.###.#
##.# #.....#
#..+ +..####
#..# #..#
#..#####..#
#.5†@.....#
........########
........#
#..$....#
#.......#
#.......#
#########


You could see a shadow imp.

Vanquished Creatures
  A hornet (D:7)
  Purgy (D:3)
  An ice beast (D:6)
  A centaur (D:5)
  An ogre (D:5)
  A big kobold (D:4)
  Blork the orc (D:5)
  2 scorpions
  A howler monkey (D:4)
  3 orc priests
  7 orc wizards
  Natasha (thrice) (D:3)
  2 iguanas
  5 worker ants
  A hound zombie (D:5)
  A gnoll (D:3)
  6 adders (D:2)
  An ooze (D:4)
  2 adder zombies
  2 worms
  3 dart slugs
  4 leopard geckos
  27 orcs
  2 ball pythons
  10 giant cockroaches
  11 goblins
  8 hobgoblins
  7 jackals
  9 kobolds
  5 quokkas
  6 bats
  8 frilled lizards
  A jackal skeleton (D:4)
  A leopard gecko skeleton (D:4)
  10 rats
155 creatures vanquished.

Vanquished Creatures (others)
  4 plants (D:4)
4 creatures vanquished.

Grand Total: 159 creatures vanquished

Notes
Turn   | Place    | Note
-------+----------+-------------------------------------------
     0 | D:1      | night the Troll Fighter began the quest for the Orb.
     0 | D:1      | Reached XP level 1. HP: 22/22 MP: 0/0
   121 | D:1      | Reached XP level 2. HP: 29/29 MP: 1/1
   595 | D:1      | Reached skill level 3 in Unarmed Combat
  1079 | D:2      | Reached XP level 3. HP: 29/36 MP: 2/2
  1368 | D:2      | Reached XP level 4. HP: 45/45 MP: 3/3
  1626 | D:2      | Reached skill level 4 in Unarmed Combat
  2139 | D:3      | Noticed Purgy
  2141 | D:3      | Noticed Natasha
  2151 | D:3      | Killed Natasha
  2152 | D:3      | Reached XP level 5. HP: 27/53 MP: 4/4
  2162 | D:3      | Killed Purgy
  2163 | D:3      | Reached skill level 5 in Unarmed Combat
  2164 | D:3      | Noticed Natasha
  2176 | D:3      | Killed Natasha
  2217 | D:3      | Noticed Natasha
  2225 | D:3      | Killed Natasha
  2226 | D:3      | Reached XP level 6. HP: 46/62 MP: 5/5
  2637 | D:3      | Found a basalt altar of Yredelemnul.
  2916 | D:4      | Found a staircase to the Ecumenical Temple.
  2922 | Temple   | Entered the Ecumenical Temple
  3185 | Temple   | Became a worshipper of Nemelex Xobeh the Trickster
  3319 | D:4      | Reached skill level 6 in Unarmed Combat
  3368 | D:4      | Reached skill level 1 in Invocations
  3372 | D:4      | Reached XP level 7. HP: 60/70 MP: 6/6
  3802 | D:5      | Entered Level 5 of the Dungeon
  4113 | D:5      | Noticed Blork the orc
  4118 | D:5      | Killed Blork the orc
  4119 | D:5      | Reached skill level 7 in Unarmed Combat
  4156 | D:5      | You fall into a shaft and drop 1 floor!
  4209 | D:5      | Reached XP level 8. HP: 42/79 MP: 8/8
  4380 | D:5      | Reached * piety under Nemelex Xobeh
  4414 | D:5      | Found an opulent altar of Gozag.
  4532 | D:5      | Reached skill level 5 in Fighting
  4724 | D:6      | Found a shadowy altar of Dithmenos.
  4838 | D:6      | Reached skill level 8 in Unarmed Combat
  5302 | D:7      | Noticed a hornet
  5311 | D:7      | Paralysed by a hornet for 3 turns
  5319 | D:7      | Paralysed by a hornet for 3 turns
  5321 | D:7      | HP: 3/80 [hornet (8)]
  5322 | D:7      | Killed a hornet
  5322 | D:7      | Killed from afar by a shadow imp

Illustrated notes

Levels and vault maps discovered:
D:1:      dpeg_arrival_long_road, layout_basic
D:2:      layout_basic, serial_corexii_hall, corexii_hall_statues_t,
          chequers_hall_statues_corner_a, corexii_hall_statues_s,
          minmay_diced_spiral
D:3:      layout_rooms, marbit_many_paths, amcnicky_mini_corridor_feature,
          serial_bayou_crossing, uniq_purgy, uniq_natasha
D:4:      layout_loops_cross, minmay_temple_entry_statues_pillars,
          lexackson_kobold_supper
D:5:      layout_basic, nicolae_gozag_cash_rules_everything_around_me,
          uniq_blork_the_orc
D:6:      layout_loops_cross, grunt_dithmenos_smoke
D:7:      layout_basic, serial_shops, shop_fountains, nicolae_shop_stone,
          minmay_misc_feat_room
Temple:   nicolae_temple_the_god_donut

Skill      XL: |  1  2  3  4  5  6  7  8 |
---------------+-------------------------+-----
Unarmed Combat | 3 4 5 6 7 8 |  8.1
Fighting       | 3 4 5 |  5.2
Invocations    | 1 2 3 |  3.3
Dodging        | |  2.4
Shields        | |  2.4

Action                   |  1- 3 |  4- 6 |  7- 9 || total
-------------------------+-------+-------+-------++-------
Melee: Unarmed           |    93 |   198 |   209 ||   500
  Use: Potion            |       |     2 |       ||     2
       Scroll            |       |     6 |       ||     6
 Stab: Sleeping          |       |     1 |       ||     1
Armor: Robe              |    32 |    42 |       ||    74
       Troll leather arm |       |    27 |    69 ||    96
Dodge: Dodged            |    35 |    65 |    48 ||   148
Block: Kite shield       |    34 |    94 |    82 ||   210
